 Dungeon Crawl Stone Soup version 0.19-a0-1142-ga75ee97 (webtiles) character file.

63898 dbcjsdbkadjcb the Severer (level 14, 0/126 HPs)
             Began as a Minotaur Fighter on Aug 13, 2016.
             Was the Champion of Okawaru.
             Slain by a 19-headed hydra (5 damage)
             ... on level 11 of the Dungeon.
             The game lasted 00:55:08 (21448 turns).

dbcjsdbkadjcb the Severer (Minotaur Fighter)       Turns: 21448, Time: 00:55:09

Health: 0/126      AC: 27    Str: 26    XL:     14   Next: 69%
Magic:  23/23      EV: 11    Int:  5    God:    Okawaru [******]
Gold:   1201       SH: 15    Dex: 10    Spells: 1 memorised, 19 levels left

rFire  + . .     SeeInvis .     O - +9 broad axe (venom)
rCold  + . .     Gourm    +     e - +2 plate armour {rPois}
rNeg   . . .     Faith    .     B - +2 shield {reflect}
rPois  +         Spirit   .     c - +2 hat
rElec  .         Dismiss  .     P - +1 cloak {MR+}
rCorr  .         Reflect  +     F - +2 pair of gloves
MR     ++...     Harm     .     (no boots)
Stlth  ..........               L - amulet of the gourmand
                                j - ring of protection from fire
                                V - ring of protection from cold

@: no status effects
A: retaliatory headbutt, horns 2, icy blue scales 1
a: Heroism, Finesse, Renounce Religion


You were on level 11 of the Dungeon.
You worshipped Okawaru.
Okawaru was exalted by your worship.
You were very full.

You visited 3 branches of the dungeon, and saw 18 of its levels.

You collected 1201 gold pieces.

Inventory:

Hand Weapons
 a - the +9 war axe of Hatred {vamp, rF++ Str+4, unknown}
   (You found it on level 5 of the Lair of Beasts)

   It inflicts no extra harm, but heals its wielder somewhat when it strikes a
   living foe.
   It affects your strength (+4).
   It greatly protects you from fire.
 k - a +2 trident of flaming
 O - a +9 broad axe of venom (weapon)
Armour
 c - a +2 hat (worn)
 e - a +2 plate armour of poison resistance (worn)
 B - a +2 shield of reflection (worn)
 F - a +2 pair of gloves (worn)
 P - a +1 cloak of magic resistance (worn)
Rods
 E - a +0 rod of ignition (12/12)
   (You found it on level 7 of the Dungeon)
Jewellery
 g - an uncursed ring of wizardry
 j - a ring of protection from fire (right hand)
 L - an amulet of the gourmand (around neck)
 N - an uncursed ring of poison resistance
 Q - an uncursed ring of resist corrosion
 V - a ring of protection from cold (left hand)
 W - an uncursed ring of protection from cold
 X - an uncursed ring of fire
Wands
 M - a wand of digging (10/24)
 Z - a wand of disintegration (1/24)
Scrolls
 q - 5 scrolls of teleportation
 s - a scroll of fog
 t - a scroll of recharging
 y - 2 scrolls of magic mapping
 H - a scroll of remove curse
 R - a scroll of amnesia
Potions
 b - 3 potions of flight
 d - a potion of invisibility {unknown}
 h - 4 potions of ambrosia
 i - 2 potions of magic
 o - 4 potions of brilliance
 p - a potion of berserk rage {unknown}
 r - 3 potions of cancellation
 w - 2 potions of lignification
 x - 2 potions of resistance {unknown}
 z - 9 potions of curing
 I - a potion of cure mutation
 S - a potion of haste {unknown}
Miscellaneous
 T - a lamp of fire
Comestibles
 f - 6 bread rations
 n - 2 slices of pizza
 A - 3 meat rations
 G - 9 fruits
 J - 18 beef jerkies


   Skills:
 + Level 12.2 Fighting
 * Level 15.8 Axes
 + Level 12.2 Armour
 + Level 10.6 Dodging
 + Level 12.4 Shields
 + Level 7.3 Spellcasting
 - Level 4.0 Invocations


You had 19 spell levels left.
You knew the following spells:

 Your Spells              Type           Power        Failure   Level  Hunger
a - Necromutation         Tmut/Necr      #.........   100%        8    #######


Dungeon Overview and Level Annotations

Branches:
Dungeon (11/15)            Temple (1/1) D:5            Lair (6/6) D:9
  Swamp (0/4) Lair:4        Snake (0/4) Lair:2        Slime (0/5) Lair:5
    Orc: D:9-12

Altars:
Ashenzari
Cheibriados
Dithmenos
Elyvilon
Fedhas
Gozag
Hepliaklqana
Kikubaaqudgha
Makhleb
Nemelex Xobeh
Okawaru
Pakellas
Qazlal
Ru
Sif Muna
Trog
Uskayaw
Vehumet
Xom
Yredelemnul
Zin
The Shining One

Shops:
D:4 (   D:5 %(%([   D:7 }   D:10 [


Innate Abilities, Weirdness & Mutations

You reflexively headbutt those who attack you in melee.
You have a pair of horns on your head.
You are partially covered in icy blue scales. (AC +2)


Message History

You are too injured to fight recklessly!
Unknown command.
You are too injured to fight recklessly!
You are too injured to fight recklessly!
You lop one of the 18-headed hydra's heads off!
The 17-headed hydra grows two more!
You slash the 19-headed hydra!
The 19-headed hydra is almost dead.
The 19-headed hydra closely misses you. x2
You block the 19-headed hydra's attack. x2
The 19-headed hydra bites you but does no damage.
The 19-headed hydra bites you!
* * * LOW HITPOINT WARNING * * *
The 19-headed hydra closely misses you.
The 19-headed hydra bites you but does no damage. x2
The 19-headed hydra bites you!
* * * LOW HITPOINT WARNING * * *
The 19-headed hydra bites you but does no damage.
The 19-headed hydra closely misses you. You block the 19-headed hydra's attack.
The 19-headed hydra barely misses you. The 19-headed hydra bites you.
You die...

.... #. ###.... ...
....... #... .....#
#####..# ./...# #.......
.....# #####
...##.##D....# ##8.8##
#.#...@.....#
##..<..####........>.##
#.......##.#..$......#
.()###...##........(..#
.8##.##8.8#........(.$..
'##...##.##.../...(....[
.....................##.
................(...##
....................#


You could see a 19-headed hydra.

Vanquished Creatures
  Gastronok (Lair:2)
  8 hydras
  Fannar (Lair:2)
  A catoblepas (Lair:6)
  3 death yaks
  An alligator (Lair:5)
  Sonja (Lair:2)
  The ghost of Arkorax the Skirmisher, a novice KoFi of Okawaru (D:10)
  3 swamp dragons (Lair:5)
  The ghost of ordcoder the Ruffian, a novice TrHu of Cheibriados (D:7)
  An unseen horror (D:11)
  A lindwurm (Lair:6)
  2 hill giants
  4 oklob plants
  Pikel (D:8)
  3 griffons
  2 manticores (Lair:6)
  13 elephants
  4 black mambas
  Maurice (D:9)
  18 spiny frogs
  3 rime drakes
  7 komodo dragons
  A giant leech (Lair:4)
  8 polar bears (Lair:6)
  2 slime creatures (Lair:5)
  21 blink frogs
  Grinder (D:4)
  2 raiju (Lair:6)
  2 shadows (D:11)
  A vampire (D:10)
  3 wyverns
  2 spriggans (Lair:2)
  5 basilisks
  40 yaks
  A steam dragon (D:9)
  10 hippogriffs
  2 hungry ghosts (D:10)
  2 swamp worms (Lair:5)
  7 wargs (Lair:6)
  25 water moccasins
  6 hell hounds (Lair:6)
  10 porcupines
  A swamp drake (Lair:5)
  17 black bears
  An ice beast (D:8)
  3 orc warriors
  A sky beast (D:9)
  A necrophage (D:9)
  6 ogres
  An eye of draining (D:10)
  15 wolves
  13 crocodiles
  2 centaurs
  2 big kobolds
  12 giant frogs
  A wyvern skeleton (D:9)
  3 scorpions
  7 killer bees
  3 wights (D:5)
  4 crimson imps
  2 giant frog zombies
  16 hounds
  14 orc wizards
  4 jellies
  A giant frog skeleton (D:7)
  5 orc priests
  7 iguanas
  6 worker ants
  4 sheep
  A hound zombie (D:6)
  2 howler monkey skeletons (D:8)
  83 river rats
  14 adders
  3 shadow imps
  3 adder skeletons
  4 dart slugs
  4 worms
  10 giant geckos
  40 orcs
  A giant cockroach (D:2)
  7 goblins
  13 hobgoblins
  12 jackals
  22 kobolds
  6 quokkas
  2 bats
  A giant gecko skeleton (D:4)
  8 giant newts
  A quokka skeleton (D:4)
  8 rats
  2 fungi
  7 plants
638 creatures vanquished.

Vanquished Creatures (others)
  12 fungi
  15 plants
27 creatures vanquished.

Grand Total: 665 creatures vanquished

Notes
Turn   | Place    | Note
-------+----------+-------------------------------------------
     0 | D:1      | dbcjsdbkadjcb the Minotaur Fighter began the quest for the Orb.
     0 | D:1      | Reached XP level 1. HP: 19/19 MP: 0/0
    85 | D:1      | Reached XP level 2. HP: 24/27 MP: 1/1
   342 | D:1      | Reached skill level 3 in Axes
   507 | D:1      | Reached XP level 3. HP: 33/33 MP: 2/2
   930 | D:2      | Reached skill level 1 in Spellcasting
  1094 | D:2      | Found a shadowy altar of Dithmenos.
  1099 | D:2      | Reached XP level 4. HP: 40/40 MP: 4/4
  1261 | D:2      | Found a basalt altar of Yredelemnul.
  1512 | D:3      | Found a hazy altar of Hepliaklqana.
  1780 | D:3      | Found a glowing golden altar of the Shining One.
  1900 | D:3      | Reached skill level 1 in Dodging
  2074 | D:3      | Found a blossoming altar of Fedhas.
  2433 | D:4      | Noticed an ogre
  2435 | D:4      | Reached XP level 5. HP: 45/46 MP: 5/5
  2440 | D:4      | Killed an ogre
  2440 | D:4      | Reached skill level 4 in Axes
  2741 | D:4      | Reached XP level 6. HP: 53/53 MP: 7/7
  2779 | D:4      | Found an iron altar of Okawaru.
  2790 | D:4      | Became a worshipper of Warmaster Okawaru
  2964 | D:4      | Noticed Grinder
  2968 | D:4      | Killed Grinder
  2968 | D:4      | Reached skill level 5 in Axes
  2968 | D:4      | Reached skill level 5 in Shields
  3200 | D:4      | Found Sotub's Antique Weapon Emporium.
  3278 | D:4      | Reached XP level 7. HP: 60/60 MP: 8/8
  3294 | D:4      | Reached skill level 5 in Fighting
  3318 | D:4      | Found a deep blue altar of Sif Muna.
  3444 | D:5      | Entered Level 5 of the Dungeon
  3524 | D:5      | Found Yvaxuq's Weapon Emporium.
  3544 | D:5      | Found Meusuu Dufell's Food Emporium.
  3768 | D:5      | Found Qutudoit's Antique Armour Emporium.
  3769 | D:5      | Found Ugimna's Food Shoppe.
  3775 | D:5      | Found Buuleq's Antique Weapon Shoppe.
  3779 | D:5      | Reached skill level 5 in Armour
  3934 | D:5      | Found a staircase to the Ecumenical Temple.
  3955 | Temple   | Entered the Ecumenical Temple
  4530 | D:5      | Reached skill level 6 in Axes
  4738 | D:5      | Reached * piety under Okawaru
  5094 | D:6      | Reached XP level 8. HP: 61/69 MP: 10/10
  5403 | D:6      | Got a shimmering war axe
  5404 | D:6      | Identified the +3 war axe "Jellybane" {pain, +Fly MP+9} (You found it on level 6 of the Dungeon)
  5475 | D:6      | Reached ** piety under Okawaru
  5549 | D:6      | Reached skill level 7 in Axes
  5549 | D:6      | Reached skill level 1 in Invocations
  5719 | D:6      | Found a shimmering altar of Xom.
  6073 | D:7      | Identified a +0 rod of ignition (12/12) (You found it on level 7 of the Dungeon)
  6354 | D:7      | Found Zovuyhen's Gadget Shoppe.
  6443 | D:7      | Noticed ordcoder's ghost (novice TrHu)
  6466 | D:7      | Killed ordcoder's ghost
  6466 | D:7      | Reached *** piety under Okawaru
  6466 | D:7      | Reached skill level 8 in Axes
  6466 | D:7      | Reached XP level 9. HP: 51/78 MP: 12/12
  6904 | D:7      | Reached **** piety under Okawaru
  7174 | D:8      | Noticed Pikel
  7184 | D:8      | Killed Pikel
  7283 | D:8      | Reached skill level 9 in Axes
  7416 | D:8      | Reached skill level 5 in Dodging
  7696 | D:9      | Noticed an elephant
  7698 | D:9      | Gained mutation: You are weak. (Str -2) [potion of mutation]
  7698 | D:9      | Gained mutation: Your body sometimes deteriorates upon taking damage. [potion of mutation]
  7698 | D:9      | Gained mutation: You are partially covered in icy blue scales. (AC +2) [potion of mutation]
  7699 | D:9      | Gained mutation: Your natural rate of healing is unusually fast. [potion of mutation]
  7699 | D:9      | Lost mutation: You are weak. (Str -2) [potion of mutation]
  7699 | D:9      | Gained mutation: Your spells are a little easier to cast, but a little less powerful. [potion of mutation]
  7711 | D:9      | Killed an elephant
  7711 | D:9      | Reached XP level 10. HP: 39/86 MP: 14/14
  7895 | D:9      | Noticed Maurice
  7902 | D:9      | Killed Maurice
  7902 | D:9      | Reached ***** piety under Okawaru
  7904 | D:9      | Found a staircase to the Lair.
  7955 | D:9      | Found a shattered altar of Ashenzari.
  8118 | D:9      | Found a blossoming altar of Fedhas.
  8244 | D:9      | Found a snail-covered altar of Cheibriados.
  8317 | D:9      | Found a hide-covered altar of Uskayaw.
  8555 | D:9      | Found an opulent altar of Gozag.
  8703 | D:9      | Reached skill level 10 in Axes
  8988 | D:10     | Entered Level 10 of the Dungeon
  8996 | D:10     | Noticed Arkorax's ghost (novice KoFi)
  9040 | D:10     | Killed Arkorax's ghost
  9040 | D:10     | Received a gift from Okawaru
  9044 | D:10     | Got a twisted rapier {god gift}
  9045 | D:10     | Identified the +1 rapier of Destiny {drain, rC++ Dex+4} (Okawaru gifted it to you on level 10 of the Dungeon)
  9188 | D:10     | Identified a scroll of acquirement
  9234 | D:10     | Noticed a hill giant
  9236 | D:10     | Found an ancient bone altar of Kikubaaqudgha.
  9236 | D:10     | Noticed an oklob plant
  9249 | D:10     | Killed a hill giant
  9766 | D:10     | Found Seust's Armour Shoppe.
  9908 | D:10     | Reached XP level 11. HP: 89/95 MP: 16/16
 10261 | Lair:1   | Entered Level 1 of the Lair of Beasts
 10466 | Lair:1   | Reached skill level 11 in Axes
 10878 | Lair:1   | Received a gift from Okawaru
 10918 | Lair:1   | Noticed a six-headed hydra
 10944 | Lair:1   | Killed a six-headed hydra
 10944 | Lair:1   | Reached ****** piety under Okawaru
 11350 | Lair:2   | Noticed Fannar
 11365 | Lair:2   | Killed Fannar
 11445 | Lair:2   | Reached skill level 12 in Axes
 11483 | Lair:2   | Found a staircase to the Snake Pit.
 11729 | Lair:2   | Noticed Sonja
 11737 | Lair:2   | Killed Sonja
 11737 | Lair:2   | Reached XP level 12. HP: 63/106 MP: 18/18
 11854 | Lair:2   | Received a gift from Okawaru
 12054 | Lair:2   | Noticed Gastronok
 12064 | Lair:2   | Killed Gastronok
 12214 | Lair:2   | Lost mutation: Your spells are a little easier to cast, but a little less powerful. [potion of cure mutation]
 12214 | Lair:2   | Lost mutation: Your body sometimes deteriorates upon taking damage. [potion of cure mutation]
 12214 | Lair:2   | Lost mutation: Your natural rate of healing is unusually fast. [potion of cure mutation]
 12526 | Lair:2   | Reached skill level 5 in Spellcasting
 12561 | Lair:2   | Reached skill level 10 in Fighting
 12561 | Lair:2   | Reached skill level 13 in Axes
 12576 | Lair:2   | Reached skill level 10 in Shields
 12857 | Lair:3   | Reached skill level 10 in Armour
 13450 | Lair:3   | Received a gift from Okawaru
 13494 | Lair:3   | Noticed a four-headed hydra
 13504 | Lair:3   | Killed a four-headed hydra
 14330 | Lair:4   | Reached XP level 13. HP: 104/114 MP: 20/20
 14398 | Lair:4   | Learned a level 8 spell: Necromutation
 15008 | Lair:4   | Reached skill level 14 in Axes
 15393 | Lair:4   | Found a staircase to the Swamp.
 16084 | Lair:5   | Found a staircase to the Slime Pits.
 17084 | Lair:5   | Received a gift from Okawaru
 17290 | Lair:5   | Got an ichor-stained war axe
 17416 | Lair:5   | HP: 5/116 [griffon (4)]
 18659 | Lair:6   | Entered Level 6 of the Lair of Beasts
 18826 | Lair:6   | Reached skill level 15 in Axes
 18830 | Lair:6   | Reached XP level 14. HP: 123/124 MP: 22/22
 18884 | Lair:6   | Reached skill level 10 in Dodging
 19347 | Lair:6   | Received a gift from Okawaru
 20931 | Lair:6   | Received a gift from Okawaru
 21448 | D:11     | HP: 5/126 [19-headed hydra (10)]
 21448 | D:11     | Slain by a 19-headed hydra

Vault maps used:
D:1:      minmay_arrival_jagged
D:2:      nicolae_dithmenos_shadow_blocks, lemuel_round_altar, minmay_unequal
D:3:      tso_oasis_becter, marbit_many_paths, nicolae_overflow_crystal_walls
D:4:      led_sif_pool, serial_shops, kennysheep_little_box, first_bread,
          hangedman_decor_clover_reticule, okawaru_trees_2, uniq_grinder
D:5:      serial_shops, shop, shop, shop, kennysheep_mini_moat, shop
D:6:      lemuel_coloured_pillars_altar
D:7:      serial_shops, shop, minmay_door_square
D:8:      uniq_pikel
D:9:      cheibrodos_ashenzari_chains, eat_drink_and_be_merry_uskayaw,
          overflow_temple_1_default, lemuel_crystal_altar, david_lair_generic,
          basic_altar, uniq_maurice
D:10:     serial_shops, nicolae_shop_behind_doors, lemuel_oklob_altar
D:11:     serial_shops, nicolae_shop_temple_entry_statues_fountains,
          hangedman_ranch, grunt_ministairs_8
Temple:   zaba_magenta_temple
Lair:1:   statuecave_lemuel
Lair:2:   wad_woods_tower, minmay_snake_entry_six_corridors, uniq_sonja,
          uniq_fannar, uniq_gastronok
Lair:3:   st_stairs_8, minivault_24, beast_lair_carwin_1
Lair:4:   minmay_swamp_entry_worms, beast_lair_carwin_4, lemuel_fruit_fields
Lair:5:   onia_ninara_swampy_vault, minmay_slime_entry_oklob_open
Lair:6:   hangedman_lair_caniforms_friends, hangedman_lair_in_review

Skill      XL: |  1  2  3  4  5  6  7  8  9 10 11 12 13 14 |
---------------+-------------------------------------------+-----
Axes           | 3 4 5 6 8 9 10 12 13 15 | 15.8
Fighting       | 4 5 6 7 8 9 10 11 12 | 12.2
Spellcasting   | 1 2 3 4 5 6 7 |  7.3
Shields        | 4 5 6 7 8 9 10 11 12 | 12.4
Armour         | 4 5 6 7 8 9 10 11 12 | 12.2
Dodging        | 1 2 3 4 5 6 7 8 9 10 | 10.6
Invocations    | 2 3 4 |  4.0

Action                   |  1- 3 |  4- 6 |  7- 9 | 10-12 | 13-15 || total
-------------------------+-------+-------+-------+-------+-------++-------
Melee: War axe           |    97 |   106 |   316 |   323 |       ||   842
       Headbutt          |    12 |    15 |    48 |   133 |   156 ||   364
       Trident           |       |       |       |    67 |    38 ||   105
       Broad axe         |       |       |       |   278 |   633 ||   911
Invok: Heroism           |       |       |     2 |     1 |       ||     3
       Finesse           |       |       |       |     1 |     1 ||     2
Evoke: Rod               |       |       |     2 |       |       ||     2
       Wand              |       |       |       |     1 |     1 ||     2
  Use: Scroll            |       |    11 |     8 |     9 |    11 ||    39
       Potion            |       |     1 |     3 |     2 |     2 ||     8
 Stab: Paralysed         |       |       |       |     2 |       ||     2
       Petrified         |       |       |       |       |     6 ||     6
       Distracted        |       |       |       |       |     1 ||     1
  Eat: Chunk             |     1 |     5 |    11 |    23 |    40 ||    80
       Fruit             |       |     2 |     4 |     2 |     2 ||    10
       Beef jerky        |       |       |     1 |       |     1 ||     2
       Royal jelly       |       |       |       |     1 |     1 ||     2
Armor: Scale mail        |    18 |       |       |       |       ||    18
       Chain mail        |    29 |    52 |   117 |    68 |       ||   266
       Plate armour      |       |       |       |   238 |   509 ||   747
Dodge: Dodged            |    27 |    20 |    64 |   184 |   306 ||   601
Block: Shield            |    40 |    50 |   153 |   455 |   556 ||  1254
       Reflection        |       |       |       |     2 |    10 ||    12
